 Dungeon Crawl Stone Soup version 0.31-a0-1204-ge2c1a860ed (webtiles) character file.

Game seed: 12388049382981560838

25 backslashecho the Gusty (level 3, -2/21 HPs)
             Began as an Octopode Air Elementalist on Dec 12, 2023.
             Slain by a gnoll
             ... wielding a +0 whip
              (5 damage)
             ... on level 1 of the Dungeon.
             The game lasted 00:02:16 (1090 turns).

backslashecho the Gusty (Octopode Air Elementalist) Turns: 1090, Time: 00:02:17

Health: -2/21      AC:  1    Str: 13    XL:     3   Next: 6%
Magic:  1/6        EV: 13    Int: 19    God:
Gold:   13         SH:  0    Dex: 12    Spells: 5/6 levels left

rFire   . . .        e - +2 short sword (venom)
rCold   . . .        (no shield)
rNeg    . . .        (helmet restricted)
rPois   .            (no amulet)
rElec   .            h - +6 ring of strength
rCorr   .            (no ring)
SInv    .            (no ring)
Will    .....        (no ring)
Stlth   +++          (no ring)
HPRegen 0.23/turn    (no ring)
MPRegen 0.10/turn    (no ring)
                     (no ring)

%: no passive effects
@: no status effects
A: almost no armour, amphibious, 8 rings, camouflage 1, gelatinous body 1,
(nimble swimmer 1), tentacles
a: no special abilities


You were on level 1 of the Dungeon.
You visited 1 branch of the dungeon, and saw 2 of its levels.

You collected 13 gold pieces.

Inventory:

Hand Weapons
 e - a +2 short sword of venom (weapon)
Jewellery
 h - a +6 ring of strength (left tentacle)
Scrolls
 b - a scroll of noise {unknown}
 d - a scroll of fear {unknown}
 f - a scroll of immolation {unknown}
Potions
 a - a potion of magic
 c - a potion of brilliance {unknown}
 g - 2 potions of might {unknown}


   Skills:
 - Level 2.0 Dodging
 - Level 3.0 Stealth
 + Level 2.3 Spellcasting
 * Level 2.0 Conjurations
 + Level 3.2 Air Magic


You had 5 spell levels left.
You knew the following spells:

 Your Spells              Type           Power      Damage    Failure   Level
a - Shock                 Conj/Air       48%        1d6       5%          1

Your spell library contained the following spells:

 Spells                   Type           Power      Damage    Failure   Level
 Static Discharge         Conj/Air       24%        3-4/arc   9%          2
 Swiftness                Air            14%        N/A       13%         3
 Airstrike                Air            7%         2d(1-17)  38%         4


Dungeon Overview and Level Annotations

Branches:
Dungeon (2/15)

Altars:
Makhleb

Shops:
D:1 (


Innate Abilities, Weirdness & Mutations

You cannot wear most types of armour.
You are amphibious.
You can wear up to eight rings at the same time.
Your skin changes colour to match your surroundings (Stealth+).
Your rubbery body absorbs attacks. (AC +1, EV +1)
((You are camouflaged when in or above water. (Stealth+)))
You have tentacles for arms and can constrict up to eight enemies at once.


Message History

You now have 1/5 mp.
A gnoll comes into view. It is wielding a +0 whip.
The adder bites you.
You are poisoned.
The adder poisons you!
You take 3 damage, and have 13/17 hp.
A gnoll comes into view. It is wielding a +0 flail.
You feel sick. The adder attacks as it pursues you!
The adder closely misses you.
You take 2 damage, and have 11/17 hp.
You feel sick. The adder attacks as it pursues you! The adder bites you.
You take 1 damage, and have 10/17 hp.
Casting: Shock (safe; 7% risk of failure)
Confirm with . or Enter, or press ? or * to list all spells.
Aiming: Shock (safe; 7% risk of failure)
Press: ? - help, Shift-Dir - straight line, f/p - adder
Aim: an adder (moderately wounded, 48% to hit)
The zap misses the adder.
The zap hits the adder.
The adder is heavily wounded.
The gnoll shouts! x2
You feel sick. The adder barely misses you. The adder misses you.
You take 1 damage, and have 9/17 hp.
You now have 0/5 mp.
You hit the adder but do no damage. Your grab misses the adder.
Your squeeze misses the adder.
The adder is heavily wounded.
You feel sick. The adder bites you.
* * * LOW HITPOINT WARNING * * *
A gnoll comes into view. It is wielding a +0 flail.
You take 4 damage, and have 5/17 hp.
MASSIVE DAMAGE!!
The gnoll shouts!
You hit the adder.
The adder is poisoned.
Your grab misses the adder. You squeeze the adder.
You kill the adder!
You feel sick.
Your Conjurations skill increases to level 2!
You have reached level 3!
Your experience leads to an increase in your attributes!
Your base attributes are Str 7, Int 17, Dex 12.
Increase (S)trength, (I)ntelligence, or (D)exterity?
You feel clever. x2
You feel sick.
You are no longer poisoned.
There is a stone staircase leading up here.
The gnoll hits you with a +0 whip.
* * * LOW HITPOINT WARNING * * *
You climb upwards.
There is a stone staircase leading down here.
You take 2 damage, and have 3/21 hp.
The gnoll hits you with a +0 whip.
You die...

#.##.######.#######.#.#.##.#####.
#.##.# #.##.......#...[.......
#....# #.##.######.#####.#####
#.#### #..#.# #.# #)# #.# ##.#.#
#.# #.# #.# #.#.######.# #.#
#.##########..........# #.#
#...............#####.# #.#
##.#########....@>....## #.# #.#
#.....g.....# #.##### #.#####
#..#######..# #......
#.....#####..## #..# #######
#.#....##.....# #..#
#.###.#######.# #..# #.##.##
###..######..# #.##..#
#....##.##...#
#.#..#####........###.#


You could see a gnoll.

Vanquished Creatures
  An adder (D:2)
  2 ball pythons (D:1)
  2 endoplasms (D:1)
  2 goblins (D:1)
  2 jackals (D:1)
  A kobold (D:1)
  2 frilled lizards
  4 rats (D:1)
16 creatures vanquished.

Notes
Turn   | Place    | Note
-------+----------+-------------------------------------------
     0 | D:1      | backslashecho the Octopode Air Elementalist began the quest
                  | for the Orb.
     0 | D:1      | Reached XP level 1. HP: 11/11 MP: 3/3
   419 | D:1      | Reached XP level 2. HP: 17/17 MP: 3/5
   726 | D:1      | Found Qetuuni's Antique Weapon Boutique.
  1073 | D:2      | Found a burning altar of Makhleb.
  1085 | D:2      | Reached XP level 3. HP: 5/21 MP: 0/6
  1090 | D:1      | Slain by a gnoll

Illustrated notes

Levels and vault maps discovered:
D:1:      dpeg_arrival_arbitrary_b, layout_loops_ring, serial_shops, shop
D:2:      layout_loops_ring, basic_altar, minivault_5, moated_statue,
          uniq_jessica

Skill      XL: |  1  2 |
---------------+-------+-----
Stealth        | 3 |  3.0
Conjurations   | 2 |  2.0
Dodging        | |  2.0
Spellcasting   | |  2.3
Air Magic      | |  3.2

Action                     || total
---------------------------++-------
  Melee: Short sword       ||     2
         Tentacles         ||     1
   Cast: Shock             ||    32
 Armour: Skin              ||    10
  Dodge: Dodged            ||     5

Table legend: (Time is in decaauts)
 A = Elapsed time spent in this place.
 B = Non-inter-level travel time spent in this place.
 C = Inter-level travel time spent in this place.
 D = Time resting spent in this place.
 E = Time spent auto-exploring this place.
 F = Levels seen in this place.
 G = Mean time per level.
                   A        B        C        D        E       F      G
               +--------+--------+--------+--------+--------+-----+--------+
         Total |   1089 |    990 |     99 |    136 |    735 |   2 |  544.5 |
       Dungeon |   1089 |    990 |     99 |    136 |    735 |   2 |  544.5 |
               +--------+--------+--------+--------+--------+-----+--------+

Top non-repeatable levels by time:
     D:1: 1048 daAuts
     D:2: 41 daAuts
